 Dungeon Crawl Stone Soup version 0.30-a0-587-gfd7c166f36 (webtiles) character file.

Game seed: 14295396543974560751

132 Citaku the Covered (level 4, 0/41 HPs)
             Began as a Minotaur Fighter on Jan 4, 2023.
             Succumbed to an orc wizard's poison
             ... on level 3 of the Dungeon.
             The game lasted 00:03:04 (2058 turns).

Citaku the Covered (Minotaur Fighter)               Turns: 2058, Time: 00:03:05

Health: 0/41       AC:  8    Str: 20    XL:     4   Next: 92%
Magic:  3/3        EV:  9    Int:  5    God:
Gold:   87         SH:  4    Dex: 12    Spells: 3/3 levels left

rFire   . . .      SeeInvis .    a - +0 war axe
rCold   . . .      Faith    .    c - +0 buckler
rNeg    . . .      Spirit   .    b - +0 scale mail
rPois   .          Reflect  .    (helmet restricted)
rElec   .          Harm     .    (no cloak)
rCorr   .          Rampage  .    (no gloves)
Will    .....                    g - +0 pair of boots Stlth
                                 (no amulet)
HPRegen 0.26/turn                (no ring)
MPRegen 0.08/turn                (no ring)

@: mighty, lethally poisoned (0 -> -6)
A: horns 2, retaliatory headbutt
a: no special abilities


You were on level 3 of the Dungeon.
You visited 1 branch of the dungeon, and saw 3 of its levels.

You collected 87 gold pieces.

Inventory:

Hand Weapons
 a - a +0 war axe (weapon)
Armour
 b - a +0 scale mail (worn)
 c - a +0 buckler (worn)
 g - a +0 pair of boots (worn)
Wands
 q - a wand of iceblast (9)
Scrolls
 e - 2 scrolls of identify {unknown}
 h - a scroll of fog {unknown}
 i - 4 scrolls of teleportation {unknown}
 j - a scroll of butterflies {unknown}
 l - a scroll of silence {unknown}
 m - a scroll of amnesia {unknown}
 n - a scroll of vulnerability {unknown}
 o - a scroll of fear {unknown}
 r - a scroll of magic mapping {unknown}
Potions
 f - 2 potions of curing {unknown}
 k - 2 potions of lignification {unknown}
 p - a potion of mutation {unknown}


   Skills:
 + Level 4.4 Fighting
 * Level 4.3 Axes
 * Level 5.2 Armour
 - Level 3.6 Shields


You had 3 spell levels left.
You didn't know any spells.
Your spell library contained the following spells:

 Spells                   Type           Power      Damage    Failure   Level
 Frozen Ramparts          Ice            0%         1d1       99%         3
 Ice Form                 Ice/Tmut       0%         N/A       100%        4
 Summon Ice Beast         Ice/Summ       0%         N/A       100%        4


Dungeon Overview and Level Annotations

Branches:
Dungeon (3/15)

Altars:


Innate Abilities, Weirdness & Mutations

You have a pair of horns on your head.
You reflexively headbutt those who attack you in melee.


Message History

The orc wizard casts a spell at you.
You are confused.
The orc wizard attacks as you move away!
The orc wizard hits you with a +0 dagger of venom.
You are poisoned.
You feel sick.
You miss the orc wizard.
You feel sick.
The orc wizard hits you with a +0 dagger of venom.
You are more poisoned.
The orc wizard hits you but does no damage.
You are more poisoned.
You're too confused to move!
You feel very sick.
The orc wizard hits you with a +0 dagger of venom.
You are lethally poisoned!
You feel extremely sick.
The orc wizard hits you but does no damage.
You barely miss the orc. You miss the orc wizard.
You feel extremely sick. The orc hits you but does no damage.
The orc wizard points at you and mumbles some strange words.
You resist with some effort. The orc hits you with a +0 club.
You feel very mighty all of a sudden.
You feel less confused.
* * * LOW HITPOINT WARNING * * *
You feel very sick.
The orc wizard hits you with a +0 dagger of venom.
* * * LOW HITPOINT WARNING * * *
The orc closely misses you.
You closely miss the orc wizard. Your headbutt misses the orc wizard.
You closely miss the orc.
* * * LOW HITPOINT WARNING * * *
You feel very sick. You block the orc wizard's attack.
The orc hits you but does no damage.
You slash the orc wizard! You headbutt the orc wizard.
You kill the orc wizard!
You barely miss the orc.
* * * LOW HITPOINT WARNING * * *
You feel very sick. You block the orc's attack.
You die...

..............#.# #.###....#.#
..............#.#####.##.....#.##
..............#..................
..#.##...##...#.#####.##.#..(..##
....# ... ...................#
..#.# #. # #.........#.#.....##
<...# ###.#.........#.#.......
........ ..............+.....#.##
.##.#..# ###.#..@......#.##..#.##
.. ..... .......o............#.##
.## ...# #.#.#.#########.##..#.##
.# #.# # #. #.##..#.## .. . #
#######.##..#.## ..
............#.## ####.##.##..#.##
..........#.## ................


You could see an orc.

Vanquished Creatures
  An orc wizard (D:3)
  5 adders
  A gnoll (D:1)
  5 orcs
  5 endoplasms
  2 giant cockroaches (D:1)
  6 goblins
  6 hobgoblins
  3 jackals (D:1)
  3 kobolds
  3 ball pythons
  2 bats
  4 rats
46 creatures vanquished.

Notes
Turn   | Place    | Note
-------+----------+-------------------------------------------
     0 | D:1      | Citaku the Minotaur Fighter began the quest for the Orb.
     0 | D:1      | Reached XP level 1. HP: 19/19 MP: 0/0
   139 | D:1      | Reached XP level 2. HP: 27/27 MP: 1/1
   164 | D:1      | Reached skill level 4 in Armour
   451 | D:1      | Reached XP level 3. HP: 33/33 MP: 2/2
  1069 | D:2      | Identified the +1 robe of the Trombone {-Tele rElec Slay+2}
  1336 | D:2      | Reached XP level 4. HP: 37/40 MP: 3/3
  1967 | D:3      | Reached skill level 5 in Armour
  2057 | D:3      | HP: 2/41 [poisoned by an orc wizard]
  2058 | D:3      | Succumbed to an orc wizard's poison

Illustrated notes

Levels and vault maps discovered:
D:1:      saegor_arrival_fortress, layout_basic, minmay_misc_feat_pillars
D:2:      layout_loops_corners
D:3:      minmay_diamond_boxcup, layout_basic, chequers_ecumenical_altar_island,
          uniq_crazy_yiuf_cottage, uniq_robin

Skill      XL: |  1  2  3  4 |
---------------+-------------+-----
Armour         | 4 5 |  5.2
Axes           | 3 4 |  4.3
Fighting       | 4 |  4.4
Shields        | |  3.6

Action                   |  1- 3 |  4- 6 || total
-------------------------+-------+-------++-------
Melee: War axe           |    84 |    47 ||   131
       Headbutt          |     7 |     5 ||    12
  Use: Potion            |       |     1 ||     1
Armor: Scale mail        |    50 |    27 ||    77
Dodge: Dodged            |    44 |    18 ||    62
Block: Buckler           |    28 |     9 ||    37

Table legend: (Time is in decaauts)
 A = Elapsed time spent in this place.
 B = Non-inter-level travel time spent in this place.
 C = Inter-level travel time spent in this place.
 D = Time resting spent in this place.
 E = Time spent auto-exploring this place.
 F = Levels seen in this place.
 G = Mean time per level.
                   A        B        C        D        E       F      G
               +--------+--------+--------+--------+--------+-----+--------+
         Total |   2104 |   2104 |      0 |      0 |   1600 |   3 |  701.3 |
       Dungeon |   2104 |   2104 |      0 |      0 |   1600 |   3 |  701.3 |
               +--------+--------+--------+--------+--------+-----+--------+

Top non-repeatable levels by time:
     D:1: 983 daAuts
     D:2: 908 daAuts
     D:3: 212 daAuts
